 Dungeon Crawl Stone Soup version 0.29.1-1-gd02db6906a (webtiles) character file.

Game seed: 3291952189567529141

25 gzilladon the Chopper (level 3, -1/33 HPs)
             Began as a Hill Orc Monk on Sept 26, 2022.
             Slain by a hound (4 damage)
             ... on level 3 of the Dungeon.
             The game lasted 00:02:14 (642 turns).

gzilladon the Chopper (Hill Orc Monk)                Turns: 642, Time: 00:02:14

Health: -1/33      AC:  5    Str: 15    XL:     3   Next: 6%
Magic:  3/3        EV: 11    Int: 10    God:
Gold:   5          SH:  0    Dex: 13    Spells: 2/2 levels left

rFire   . . .      SeeInvis .   a - +0 hand axe
rCold   . . .      Faith    .   (no shield)
rNeg    . . .      Spirit   .   g - +0 ring mail
rPois   .          Reflect  .   (no helmet)
rElec   .          Harm     .   (no cloak)
rCorr   .          Rampage  .   (no gloves)
Will    .....                   (no boots)
Stlth   ..........              (no amulet)
HPRegen 0.11/turn               (no ring)
MPRegen 0.08/turn               (no ring)

@: confused, ambrosia-drunk
A: no striking features
a: no special abilities


You were on level 3 of the Dungeon.
You visited 1 branch of the dungeon, and saw 3 of its levels.

You collected 5 gold pieces.

Inventory:

Hand Weapons
 a - a +0 hand axe (weapon)
Missiles
 f - 3 boomerangs (quivered)
 h - 5 stones
Armour
 b - a +0 robe
 g - a +0 ring mail (worn)
 j - a +0 scale mail
Wands
 i - a wand of flame (13)
Scrolls
 d - a scroll of identify {unknown}
 e - a scroll of blinking {unknown}
Potions
 c - a potion of ambrosia


   Skills:
 * Level 4.1 Fighting
 + Level 4.3 Axes
 * Level 1.0 Armour
 + Level 2.6 Dodging
 - Level 1.7 Stealth


You had 2 spell levels left.
You didn't know any spells.
Your spell library was empty.

Dungeon Overview and Level Annotations

Branches:
Dungeon (3/15)

Altars:


Message History

* * * LOW HITPOINT WARNING * * *
You hit the hound.
The hound is severely wounded.
The hound bites you but does no damage.
You barely miss the hound.
The hound is severely wounded.
The hound bites you.
* * * LOW HITPOINT WARNING * * *
The hound barely misses you.
You hit the hound.
The hound is severely wounded.
The hound bites you but does no damage. The hound closely misses you.
You barely miss the hound.
The hound is severely wounded.
The hound misses you.
You hit the hound.
The hound is almost dead.
The hound misses you. x2
You closely miss the hound.
The hound is almost dead.
The hound misses you.
The hound stops to sniff the ground.
The hound completely misses you.
You barely miss the hound.
The hound is almost dead.
The hound bites you.
* * * LOW HITPOINT WARNING * * *
You closely miss the hound.
The hound is almost dead.
The hound closely misses you. The hound bites you.
* * * LOW HITPOINT WARNING * * *
You closely miss the hound.
The hound is almost dead.
The hound bites you.
* * * LOW HITPOINT WARNING * * *
You are confused.
You feel invigorated. The hound bites you.
* * * LOW HITPOINT WARNING * * *
The hound bites you.
You die...

# ##### ##########.
## .$... ..........
.. ##### #.....##.#
..... #........# #
##### #..@h.####.#
#####
#....###....#.#.#
..... ##..
#......#.#..#### #.
##†..###.#..#### #
#.#.###....#.#......
#.......##.#.#.####.
#######..#.#.#.###..
#......#.#.##...
#.##.....#.##..#


You could see a hound.

Vanquished Creatures
  An adder (D:3)
  An orc (D:3)
  2 endoplasms (D:2)
  4 hobgoblins
  3 ball pythons
  2 bats (D:2)
  A frilled lizard (D:2)
14 creatures vanquished.

Notes
Turn   | Place    | Note
-------+----------+-------------------------------------------
     0 | D:1      | gzilladon the Hill Orc Monk began the quest for the Orb.
     0 | D:1      | Reached XP level 1. HP: 19/19 MP: 1/1
   301 | D:2      | Reached XP level 2. HP: 27/27 MP: 2/2
   588 | D:3      | Reached skill level 1 in Armour
   588 | D:3      | Reached XP level 3. HP: 15/33 MP: 3/3
   641 | D:3      | HP: 1/33 [hound (2)]
   642 | D:3      | Slain by a hound

Illustrated notes

Levels and vault maps discovered:
D:1:      minmay_arrival_open_corners, layout_rooms,
          amcnicky_mini_rare_corridor_liquid, chequers_serial_rivers_micro_c
D:2:      layout_loops_ring, uniq_sigmund
D:3:      layout_basic

Skill      XL: |  1  2 |
---------------+-------+-----
Fighting       | 4 |  4.1
Armour         | 1 |  1.0
Axes           | |  4.3
Dodging        | |  2.6
Stealth        | |  1.7

Action                   || total
-------------------------++-------
Melee: Hand axe          ||    86
  Use: Potion            ||     1
Armor: Ring mail         ||    35
Dodge: Dodged            ||    64
